 Dungeon Crawl Stone Soup version 0.31-a0-844-gdc52ec4e09 (webtiles) character file.

Game seed: 16080337969097343263

119 randomguy2701 the Protected (level 5, 0/43 HPs)
             Began as a Gnoll Wanderer on Sept 29, 2023.
             Slain by an iguana (8 damage)
             ... on level 4 of the Dungeon.
             The game lasted 00:02:18 (2934 turns).

randomguy2701 the Protected (Gnoll Wanderer)        Turns: 2934, Time: 00:02:18

Health: 0/43       AC: 11    Str: 10    XL:     5   Next: 3%
Magic:  7/7        EV:  6    Int: 11    God:
Gold:   116        SH:  0    Dex: 15    Spells: 6/6 levels left

rFire   . . .        a - +0 dagger
rCold   . . .        (no shield)
rNeg    . . .        e - +0 chain mail
rPois   .            (no helmet)
rElec   .            (no cloak)
rCorr   .            (no gloves)
SInv    .            (no boots)
Will    .....        (no amulet) Stlth
                     (no ring)
HPRegen 0.27/turn    (no ring)
MPRegen 0.10/turn

%: no passive effects
@: no status effects
A: fangs 1, strong nose, distributed training
a: no special abilities


You were on level 4 of the Dungeon.
You visited 1 branch of the dungeon, and saw 4 of its levels.

You collected 116 gold pieces.

Inventory:

Hand Weapons
 a - a +0 dagger (weapon)
Missiles
 h - a throwing net
Armour
 e - a +0 chain mail (worn)
Wands
 m - a wand of polymorph (9)
Scrolls
 g - a scroll of enchant weapon {unknown}
 i - 2 scrolls of revelation {unknown}
 j - a scroll of blinking {unknown}
 k - 3 scrolls of teleportation {unknown}
 o - a scroll of enchant armour {unknown}
 q - a scroll of amnesia {unknown}
 r - 2 scrolls of brand weapon {unknown}
 s - a scroll of noise {unknown}
Potions
 b - 3 potions of curing
 c - 3 potions of lignification
 d - a potion of berserk rage
 f - 2 potions of attraction {unknown}
 l - 2 potions of degeneration {unknown}
 n - a potion of brilliance {unknown}
 p - a potion of magic {unknown}


   Skills:
 + Level 4.7 Fighting
 + Level 1.3 Short Blades
 + Level 1.3 Long Blades
 + Level 1.3 Axes
 + Level 1.3 Maces & Flails
 + Level 1.3 Polearms
 + Level 1.3 Staves
 + Level 1.3 Ranged Weapons
 + Level 2.9 Throwing
 + Level 10.5 Armour
 + Level 1.3 Dodging
 + Level 1.3 Stealth
 + Level 1.3 Shields
 + Level 4.7 Unarmed Combat
 + Level 1.3 Spellcasting
 + Level 1.1 Conjurations
 + Level 1.1 Hexes
 + Level 1.1 Summonings
 + Level 1.1 Necromancy
 + Level 1.1 Translocations
 + Level 1.1 Transmutations
 + Level 1.1 Fire Magic
 + Level 1.1 Ice Magic
 + Level 1.1 Air Magic
 + Level 1.1 Earth Magic
 + Level 1.1 Poison Magic
 + Level 1.5 Invocations
 + Level 1.3 Evocations
 + Level 1.2 Shapeshifting


You had 6 spell levels left.
You didn't know any spells.
Your spell library contained the following spells:

 Spells                   Type           Power      Damage    Failure   Level
 Sandblast                Erth           6%         2d5       98%         1
 Passwall                 Tmut/Erth      2%         N/A       99%         2
 Gell's Gravitas          Tloc           3%         N/A       100%        3
 Stone Arrow              Conj/Erth      6%         3d7       100%        3
 Teleport Other           Tloc           3%         N/A       100%        3
 Brom's Barrelling Bould  Conj/Erth      3%         2d3       100%        4
 Dispersal                Tloc           1%         N/A       100%        6


Dungeon Overview and Level Annotations

Branches:
Dungeon (4/15)
 Temple: D:4-7

Altars:
Fedhas
Trog

Shops:
D:1 [   D:2 (


Innate Abilities, Weirdness & Mutations

You have very sharp teeth.
Your uncanny sense of smell can sniff out nearby items.
Your experience applies equally to all skills.


Message History

The iguana is moderately wounded.
The iguana bites you but does no damage.
You hit the iguana.
The iguana is heavily wounded.
The iguana bites you but does no damage.
You hit the iguana. You bite the iguana, but do no damage.
The iguana is severely wounded.
The iguana bites you.
* * * LOW HITPOINT WARNING * * *
You hit the iguana but do no damage. You bite the iguana, but do no damage.
The iguana is severely wounded.
The iguana bites you.
* * * LOW HITPOINT WARNING * * *
You completely miss the iguana. Your bite misses the iguana.
The iguana is severely wounded.
You closely miss the iguana. You bite the iguana, but do no damage.
The iguana is severely wounded.
The iguana closely misses you.
You closely miss the iguana.
The iguana is severely wounded.
The iguana closely misses you.
You closely miss the iguana. You bite the iguana, but do no damage.
The iguana is severely wounded.
The iguana bites you but does no damage.
You hit the iguana but do no damage.
The iguana is severely wounded.
The iguana bites you but does no damage.
You barely miss the iguana. You bite the iguana, but do no damage.
The iguana is severely wounded.
The iguana bites you but does no damage.
You barely miss the iguana.
The iguana is severely wounded.
The iguana bites you but does no damage.
You barely miss the iguana.
The iguana is severely wounded.
The iguana bites you but does no damage.
You barely miss the iguana. Your bite misses the iguana.
The iguana is severely wounded.
The iguana bites you!
You die...

∆ ∆
###########
......l@..#
###########.#
#.......# #.#
#.#####.###.#
#.# #....)#
#######.#
#######
.......>#
#######.# #.#


You could see an iguana.

Vanquished Creatures
  4 adders
  A worm (D:2)
  A dart slug (D:2)
  5 orcs
  3 ball pythons
  5 endoplasms
  6 giant cockroaches
  9 goblins
  4 hobgoblins
  2 jackals (D:1)
  7 kobolds
  2 quokkas (D:1)
  12 bats
  2 frilled lizards (D:2)
  6 rats
69 creatures vanquished.

Notes
Turn   | Place    | Note
-------+----------+-------------------------------------------
     0 | D:1      | Reached skill level 10 in Armour
     0 | D:1      | randomguy2701 the Gnoll Wanderer began the quest for the
                  | Orb.
     0 | D:1      | randomguy2701 set off with the following items: a +0
                  | dagger, a potion of curing, a potion of lignification, a
                  | potion of berserk rage, a +0 chain mail.
     0 | D:1      | Reached XP level 1. HP: 20/20 MP: 1/1
   115 | D:1      | Reached XP level 2. HP: 25/26 MP: 2/2
   220 | D:1      | Reached XP level 3. HP: 20/31 MP: 3/3
   352 | D:1      | Found Hola Dimi's Antique Armour Shoppe.
   703 | D:2      | Found Noluit's Weapon Emporium.
   763 | D:2      | Reached skill level 1 in Invocations
  1215 | D:2      | Reached skill level 1 in Short Blades
  1215 | D:2      | Reached skill level 1 in Long Blades
  1215 | D:2      | Reached skill level 1 in Axes
  1215 | D:2      | Reached skill level 1 in Maces & Flails
  1215 | D:2      | Reached skill level 1 in Polearms
  1215 | D:2      | Reached skill level 1 in Staves
  1215 | D:2      | Reached skill level 1 in Ranged Weapons
  1215 | D:2      | Reached skill level 1 in Dodging
  1215 | D:2      | Reached skill level 1 in Stealth
  1215 | D:2      | Reached skill level 1 in Shields
  1215 | D:2      | Reached skill level 1 in Spellcasting
  1215 | D:2      | Reached skill level 1 in Evocations
  1488 | D:2      | Reached skill level 1 in Shapeshifting
  1488 | D:2      | Reached XP level 4. HP: 38/38 MP: 5/5
  1837 | D:3      | Reached skill level 1 in Conjurations
  1837 | D:3      | Reached skill level 1 in Hexes
  1837 | D:3      | Reached skill level 1 in Summonings
  1837 | D:3      | Reached skill level 1 in Necromancy
  1837 | D:3      | Reached skill level 1 in Translocations
  1837 | D:3      | Reached skill level 1 in Transmutations
  1837 | D:3      | Reached skill level 1 in Fire Magic
  1837 | D:3      | Reached skill level 1 in Ice Magic
  1837 | D:3      | Reached skill level 1 in Air Magic
  1837 | D:3      | Reached skill level 1 in Earth Magic
  1837 | D:3      | Reached skill level 1 in Poison Magic
  2227 | D:3      | Found a blossoming altar of Fedhas.
  2381 | D:3      | Reached XP level 5. HP: 31/43 MP: 6/6
  2485 | D:3      | Found a bloodstained altar of Trog.
  2934 | D:4      | Slain by an iguana

Illustrated notes

Levels and vault maps discovered:
D:1:      minmay_arrival_semitransparent, layout_rooms, serial_shops, shop
D:2:      layout_basic, serial_shops, shop, st_stairs_12, hex_tiny,
          minmay_misc_feat_room
D:3:      layout_basic, lemuel_doored_altar,
          mainiacjoe_overflow_concentric_impassable
D:4:      layout_basic, minmay_temple_entry_nine_rooms, minmay_manual_moon

Skill      XL: |  1  2  3  4 |
---------------+-------------+-----
Armour         | | 10.5
Invocations    | 1 |  1.5
Short Blades   | 1 |  1.3
Long Blades    | 1 |  1.3
Axes           | 1 |  1.3
Maces & Flails | 1 |  1.3
Polearms       | 1 |  1.3
Staves         | 1 |  1.3
Ranged Weapons | 1 |  1.3
Dodging        | 1 |  1.3
Stealth        | 1 |  1.3
Shields        | 1 |  1.3
Spellcasting   | 1 |  1.3
Evocations     | 1 |  1.3
Shapeshifting  | 1 |  1.2
Conjurations   | 1 |  1.1
Hexes          | 1 |  1.1
Summonings     | 1 |  1.1
Necromancy     | 1 |  1.1
Translocations | 1 |  1.1
Transmutations | 1 |  1.1
Fire Magic     | 1 |  1.1
Ice Magic      | 1 |  1.1
Air Magic      | 1 |  1.1
Earth Magic    | 1 |  1.1
Poison Magic   | 1 |  1.1
Fighting       | |  4.7
Throwing       | |  2.9
Unarmed Combat | |  4.7

Action                     |  1- 3 |  4- 6 || total
---------------------------+-------+-------++-------
  Melee: Dagger            |   210 |   195 ||   405
         Bite              |    23 |    23 ||    46
         Punch             |     9 |     3 ||    12
 Armour: Chain mail        |   204 |   211 ||   415
  Dodge: Dodged            |    74 |    74 ||   148

Table legend: (Time is in decaauts)
 A = Elapsed time spent in this place.
 B = Non-inter-level travel time spent in this place.
 C = Inter-level travel time spent in this place.
 D = Time resting spent in this place.
 E = Time spent auto-exploring this place.
 F = Levels seen in this place.
 G = Mean time per level.
                   A        B        C        D        E       F      G
               +--------+--------+--------+--------+--------+-----+--------+
         Total |   2916 |   2825 |     91 |      0 |   2213 |   4 |  729.0 |
       Dungeon |   2916 |   2825 |     91 |      0 |   2213 |   4 |  729.0 |
               +--------+--------+--------+--------+--------+-----+--------+

Top non-repeatable levels by time:
     D:2: 1059 daAuts
     D:3: 1042 daAuts
     D:1: 686 daAuts
     D:4: 129 daAuts
